 Dungeon Crawl Stone Soup version 0.31-a0-182-gc5ef74bbde (webtiles) character file.

Game seed: 10313718837183547558

238 Demosthentine the Poker (level 5, 0/41 HPs)
             Began as a Demonspawn Gladiator on June 21, 2023.
             Killed by divine providence
             ... invoked by an orc priest
              (15 damage)
             ... on level 3 of the Dungeon.
             The game lasted 00:02:10 (1984 turns).

Demosthentine the Poker (Demonspawn Gladiator)      Turns: 1984, Time: 00:02:10

Health: 0/41       AC:  4    Str: 17 (19) XL:     5   Next: 78%
Magic:  5/5        EV: 13    Int:  8 (9)  God:
Gold:   83         SH:  0    Dex: 13 (15) Spells: 4/4 levels left

rFire   . . .        a - +1 trident
rCold   + . .        (no shield)
rNeg    . . .        b - +0 leather armour
rPois   .            c - +0 helmet
rElec   .            (no cloak)
rCorr   +            (no gloves)
SInv    .            (no boots)
Will    .....        (no amulet)
Stlth   +            k - ring "Ukuresapp" {rCorr Str+3}
HPRegen 0.26/turn    (no ring)
MPRegen 0.09/turn

%: no passive effects
@: no status effects
A: hooves 1, weakness stinger 2, demonic touch 1, cold resistance 1, sturdy
frame 1
a: no special abilities


You were on level 3 of the Dungeon.
You visited 1 branch of the dungeon, and saw 3 of its levels.

You collected 83 gold pieces.

Inventory:

Hand Weapons
 a - a +1 trident (weapon)
Missiles
 d - 3 throwing nets (quivered)
 e - a javelin
 n - 6 poisoned darts
Armour
 b - a +0 leather armour (worn)
 c - a +0 helmet (worn)
Jewellery
 k - the ring "Ukuresapp" (left hand) {rCorr Str+3}
   (You found it on level 2 of the Dungeon)

   [ring of resist corrosion]

   Str:       It affects your strength (+3).
   rCorr:     It protects you from acid and corrosion.
Wands
 f - a wand of flame (13)
Scrolls
 i - 2 scrolls of immolation
 l - a scroll of enchant weapon
Potions
 j - a potion of might {unknown}


   Skills:
 + Level 3.5 Fighting
 + Level 3.7 Polearms
 - Level 1.7 Throwing
 + Level 2.3 Armour
 + Level 3.7 Dodging


You had 4 spell levels left.
You didn't know any spells.
Your spell library contained the following spells:

 Spells                   Type           Power      Damage    Failure   Level
 Poisonous Vapours        Pois/Air       0%         N/A       56%         2
 Mephitic Cloud           Conj/Pois/Air  0%         N/A       80%         3
 Freezing Cloud           Conj/Ice/Air   0%         6-21      100%        5


Dungeon Overview and Level Annotations

Branches:
Dungeon (3/15)

Altars:


Innate Abilities, Weirdness & Mutations

You have large cloven feet.
You have a tail ending in a sharp stinger.
Your touch may inflict minor irresistible damage on your foes.
Your flesh is cold resistant. (rC+)
Your movements are slightly less encumbered by armour. (ER -2)


Message History

It was a potion of ambrosia.
You are confused.
You feel invigorated. The orc priest misses you.
You bump into the rock wall.
The orc priest hits you with a +0 hand axe.
The orc priest calls down the wrath of Beogh upon you.
Beogh smites you!
* * * LOW HITPOINT WARNING * * *
The orc priest mumbles some strange prayers to Beogh against you.
Beogh smites you!
* * * LOW HITPOINT WARNING * * *
The orc priest closely misses you.
The orc priest looks braver for a moment.
You hit the orc priest but do no damage.
You tail-slap the orc priest.
The orc priest is almost dead.
The orc priest mumbles some strange prayers to Beogh against you.
You barely resist.
The orc priest looks satisfied for a moment.
You hit the orc priest.
You kill the orc priest!
You puncture the orc!
You kill the orc!
You feel less invigorated.
You feel less confused.
The orc priest hits you with a +0 war axe!
Items here: )) [[ †.
You hit the orc priest. Your touch misses the orc priest.
The orc priest is lightly wounded.
The orc priest misses you.
You hit the orc priest but do no damage.
You kick the orc priest.
The orc priest is heavily wounded.
The orc priest closely misses you.
You closely miss the orc priest. You kick the orc priest.
Your tail-slap misses the orc priest.
You touch the orc priest.
The orc priest is almost dead.
The orc priest invokes the aid of Beogh against you.
Beogh smites you!
You die...

########## #.goo@...##
#..w####..############
#...# ##.............
#.).# ###.##########
#...# #.########## o....
#.##...).... ......8
####.##.#######
....w...?#.....(........
.......####.##.##.#######


You could see 2 orc priests, a dart slug and a hobgoblin.

Vanquished Creatures
  2 orc priests
  Jessica (D:2)
  Natasha (D:2)
  An orc wizard (D:2)
  Robin (D:2)
  2 adders
  A worm (D:2)
  2 dart slugs (D:1)
  4 orcs
  3 ball pythons
  4 endoplasms
  A giant cockroach (D:2)
  10 goblins
  10 hobgoblins
  5 quokkas
  7 bats
  2 frilled lizards (D:1)
  4 kobolds
61 creatures vanquished.

Notes
Turn   | Place    | Note
-------+----------+-------------------------------------------
     0 | D:1      | Demosthentine the Demonspawn Gladiator began the quest for
                  | the Orb.
     0 | D:1      | Reached XP level 1. HP: 16/16 MP: 1/1
   125 | D:1      | Discovered your monstrous ancestry.
   125 | D:1      | Gained mutation: You have a small tail. [demonic ancestry]
   125 | D:1      | Reached XP level 2. HP: 22/22 MP: 2/2
   516 | D:1      | Found a faded altar of an unknown god.
   558 | D:1      | Reached skill level 1 in Armour
   610 | D:1      | Gained mutation: You have a tail ending in a sharp stinger.
                  | [demonic ancestry]
   610 | D:1      | Reached XP level 3. HP: 25/28 MP: 3/3
   889 | D:2      | Noticed Robin
   907 | D:2      | Killed Robin
   916 | D:2      | Noticed Jessica
   927 | D:2      | Killed Jessica
   928 | D:2      | Gained mutation: Your touch may inflict minor irresistible
                  | damage on your foes. [demonic ancestry]
   928 | D:2      | Reached XP level 4. HP: 12/34 MP: 4/4
  1106 | D:2      | Identified the ring "Ukuresapp" {rCorr Str+3}
  1215 | D:2      | You fall into a shaft and drop 1 floor!
  1520 | D:2      | Noticed Natasha
  1525 | D:2      | Killed Natasha
  1698 | D:2      | Gained mutation: You have large cloven feet. [demonic
                  | ancestry]
  1698 | D:2      | Reached XP level 5. HP: 25/41 MP: 5/5
  1971 | D:3      | Gained mutation: Your movements are slightly less
                  | encumbered by armour. (ER -2) [potion of mutation]
  1971 | D:3      | Gained mutation: Your flesh is cold resistant. (rC+)
                  | [potion of mutation]
  1984 | D:3      | Killed from afar by an orc priest

Illustrated notes

Levels and vault maps discovered:
D:1:      amcnicky_arrival_gap_in_the_tavern_cellar, layout_loops_cross,
          nicolae_ecumenical_lake_church, amcnicky_mini_corridor_feature
D:2:      layout_basic, uniq_natasha, uniq_jessica, uniq_robin
D:3:      layout_loops_ring, general_overflow_altar,
          nicolae_elevator_lobby_asterisk

Skill      XL: |  1  2  3  4 |
---------------+-------------+-----
Polearms       | 3 |  3.7
Dodging        | 3 |  3.7
Armour         | 1 2 |  2.3
Fighting       | 3 |  3.5
Throwing       | |  1.7

Action                     |  1- 3 |  4- 6 || total
---------------------------+-------+-------++-------
  Melee: Trident           |    83 |    68 ||   151
         Tailslap          |     3 |     5 ||     8
         Touch             |       |    10 ||    10
         Kick              |       |     5 ||     5
    Use: Scroll            |     3 |       ||     3
         Potion            |       |     5 ||     5
   Stab: Sleeping          |     2 |     3 ||     5
 Armour: Leather armour    |    13 |    13 ||    26
  Dodge: Dodged            |    36 |    35 ||    71

Table legend: (Time is in decaauts)
 A = Elapsed time spent in this place.
 B = Non-inter-level travel time spent in this place.
 C = Inter-level travel time spent in this place.
 D = Time resting spent in this place.
 E = Time spent auto-exploring this place.
 F = Levels seen in this place.
 G = Mean time per level.
                   A        B        C        D        E       F      G
               +--------+--------+--------+--------+--------+-----+--------+
         Total |   2005 |   1874 |    131 |      0 |   1499 |   3 |  668.3 |
       Dungeon |   2005 |   1874 |    131 |      0 |   1499 |   3 |  668.3 |
               +--------+--------+--------+--------+--------+-----+--------+

Top non-repeatable levels by time:
     D:1: 897 daAuts
     D:2: 888 daAuts
     D:3: 220 daAuts
